 Dungeon Sprint DCSS version 0.21-a0-94-gdd6ab6a (webtiles) character file.

6674 Kidiri the Fighter (level 10, -7/100 HPs)
             Began as a Grey Draconian Transmuter on July 2, 2017.
             Was an Elder of Fedhas.
             Mangled by a dire elephant (19 damage)
             ... in the Dungeon (Sprint IX: "|||||||||||||||||||||||||||||").
             The game lasted 00:08:16 (1691 turns).

Kidiri the Fighter (Grey Draconian Transmuter)      Turns: 1691, Time: 00:08:16

Health: -7/100     AC: 16    Str: 14    XL:     10   Next: 73%
Magic:  21/25      EV: 19    Int: 16    God:    Fedhas [****..]
Gold:   0          SH:  0    Dex: 14    Spells: 16/31 levels left

rFire    . . .     SeeInvis .     - Unarmed
rCold    . . .     Gourm    .   (shield currently unavailable)
rNeg     . . .     Faith    .   (armour unavailable)
rPois    .         Spirit   .   (helmet restricted)
rElec    .         Reflect  .   n - +1 cloak
rCorr    .         Harm     .   (gloves currently unavailable)
MR       .....     NoTele   +   (no boots)
Stlth    +.........             (no amulet)
HPRegen  0.26/turn              p - +3 ring of intelligence
MPRegen  0.19/turn              q - +2 ring of protection

@: blade hands
A: walk through water, unfitting armour, unbreathing, cold-blooded, AC +12
a: End Transformation, Fungal Bloom, Evolution, Sunlight, Growth, Reproduction,
Renounce Religion


You were in the Dungeon.
You worshipped Fedhas.
Fedhas was greatly pleased with you.
You were not hungry.
You had blades for hands.
You visited 1 branch

Inventory:

Missiles
 a - 38 arrows
Armour
 n - a +1 cloak (worn)
 o - a +1 pair of gloves (melded)
Jewellery
 p - a +3 ring of intelligence (left scythe-like blade)
 q - a +2 ring of protection (right scythe-like blade)
Wands
 m - a wand of iceblast (7/15)
Scrolls
 i - 2 scrolls of blinking
 k - 3 scrolls of remove curse
 l - 2 scrolls of amnesia
 t - a scroll of recharging
 u - 2 scrolls of fog
 v - 2 scrolls of enchant weapon
Potions
 c - a potion of berserk rage
 d - a potion of might
 e - 7 potions of heal wounds
 f - a potion of haste
 g - 4 potions of magic
 h - a potion of invisibility
 j - 5 potions of curing
Books
 b - a book of Changes

   Spells                             Type                      Level
   a - Beastly Appendage              Transmutation                1
   b - Sticks to Snakes               Transmutation                2
   c - Spider Form                    Transmutation/Poison         3
   d - Ice Form                       Ice/Transmutation            4
   e - Blade Hands                    Transmutation                5
Comestibles
 r - a bread ration
 s - 8 chunks of flesh


   Skills:
 * Level 12.8 Fighting
 * Level 11.2 Dodging
 + Level 9.1 Unarmed Combat
 * Level 11.0 Spellcasting
 + Level 8.8 Transmutations
 + Level 7.6 Ice Magic
 + Level 7.7 Poison Magic


You had 16 spell levels left.
You knew the following spells:

 Your Spells              Type           Power        Failure   Level  Hunger
a - Beastly Appendage     Tmut           #####.       9%          1    None
b - Sticks to Snakes      Tmut           #####...     10%         2    None
c - Spider Form           Tmut/Pois      #####.....   14%         3    None
d - Ice Form              Ice/Tmut       #####...     24%         4    ###....
e - Blade Hands           Tmut           #####.....   36%         5    #####..


Dungeon Overview and Level Annotations

Branches:
Dungeon (1/1)

Altars:
Cheibriados
Dithmenos
Elyvilon
Fedhas
Gozag
Hepliaklqana
Kikubaaqudgha
Makhleb
Nemelex Xobeh
Okawaru
Qazlal
Ru
Sif Muna
Trog
Uskayaw
Vehumet
Wu Jian
Xom
Yredelemnul
Zin
The Shining One
Beogh
Jiyva
Lugonu


Innate Abilities, Weirdness & Mutations

You can walk through water.
Your dull iron-grey scales are very hard. (AC +12)
You cannot fit into any form of body armour.
You can survive without breathing.
You are cold-blooded and may be slowed by cold attacks.


Message History

Your wandering mushroom is destroyed!
You feel a little guilty.
You swap places.
Your wandering mushroom releases spores at the dire elephant!
The dire elephant is engulfed in a cloud of spores!
The dire elephant appears confused.
The dire elephant completely misses the dire elephant.
The dire elephant trunk-slaps the dire elephant but does no damage.
Your wandering mushroom releases spores at the dire elephant.
The dire elephant is engulfed in a cloud of spores!
You swap places.
The dire elephant tramples you!
* * * LOW HITPOINT WARNING * * *
You hold your ground!
The dire elephant trunk-slaps you but does no damage.
You catch the helpless dire elephant completely off-guard!
You hit the dire elephant but do no damage.
The dire elephant is lightly wounded.
The dire elephant seems less confused.
The dire elephant tramples you!!
You die...
Fedhas appreciates your contribution to the ecosystem.

▓▓▓▓▓▓▓▓▓▓▓▓▓▓▓▓▓▓▓▓▓▓▓▓▓▓
..Y.YYYYY@ff.ff.%÷........
▓▓▓▓▓▓▓▓▓▓▓▓▓▓▓▓▓▓▓▓▓▓▓▓▓▓▓▓▓▓▓▓▓
.................................
▓▓▓▓▓▓▓▓▓▓▓▓▓▓▓▓▓▓▓▓▓▓▓▓▓▓▓▓▓▓▓▓▓
....').[..)|..'__________________
▓▓▓▓▓▓▓▓▓▓▓▓▓▓▓▓▓▓▓▓▓▓▓▓▓▓▓▓▓▓▓▓▓


You could see 2 dire elephants, 4 elephants and 4 friendly wandering mushrooms.

Vanquished Creatures
  A hydra (D)
  A centaur warrior (D)
  A two-headed ogre (D)
  A tengu warrior (D)
  A deep elf mage (D)
  2 elephants (D)
  4 spiny frogs (D)
  A rime drake (D)
  2 blink frogs (D)
  A hippogriff (D)
  A vampire (D)
  A wyvern (D)
  A yak (D)
  A water moccasin (D)
  2 porcupines (D)
  A sky beast (D)
  A wolf (D)
  2 crocodiles (D)
  4 bullfrogs (D)
  A scorpion (D)
  A crimson imp (D)
  An iguana (D)
  A worker ant (D)
  An adder (D)
  An orc (D)
  A giant cockroach (D)
  2 goblins (D)
  2 kobolds (D)
  A leopard gecko skeleton (D)
41 creatures vanquished.

Vanquished Creatures (others)
  3 wandering mushrooms (D)
  8 toadstools (D)
11 creatures vanquished.

Grand Total: 52 creatures vanquished

Notes
Turn   | Place    | Note
-------+----------+-------------------------------------------
     0 | D        | Kidiri the Draconian Transmuter began the quest for the Orb.
     0 | D        | Reached XP level 1. HP: 16/16 MP: 3/3
    19 | D        | Reached skill level 2 in Fighting
   220 | D        | Noticed a sky beast
   220 | D        | Noticed a worker ant
   226 | D        | Reached XP level 2. HP: 22/25 MP: 2/5
   236 | D        | Reached skill level 3 in Fighting
   242 | D        | Reached XP level 3. HP: 22/33 MP: 2/7
   249 | D        | Killed a sky beast
   249 | D        | Reached skill level 5 in Fighting
   249 | D        | Reached XP level 4. HP: 17/42 MP: 3/10
   263 | D        | Learned a level 2 spell: Sticks to Snakes
   267 | D        | Learned a level 3 spell: Spider Form
   272 | D        | Learned a level 4 spell: Ice Form
   272 | D        | Found a roughly hewn altar of Beogh.
   272 | D        | Found a snail-covered altar of Cheibriados.
   272 | D        | Found a shadowy altar of Dithmenos.
   272 | D        | Found a white marble altar of Elyvilon.
   272 | D        | Found a blossoming altar of Fedhas.
   272 | D        | Found an opulent altar of Gozag.
   273 | D        | Found a hazy altar of Hepliaklqana.
   274 | D        | Found a viscous altar of Jiyva.
   275 | D        | Found an ancient bone altar of Kikubaaqudgha.
   276 | D        | Found a corrupted altar of Lugonu.
   281 | D        | Found a burning altar of Makhleb.
   282 | D        | Found a sparkling altar of Nemelex Xobeh.
   283 | D        | Became a worshipper of Fedhas Madash
   284 | D        | Found an iron altar of Okawaru.
   285 | D        | Found a stormy altar of Qazlal.
   286 | D        | Found a sacrificial altar of Ru.
   287 | D        | Found a deep blue altar of Sif Muna.
   288 | D        | Found a bloodstained altar of Trog.
   289 | D        | Found a hide-covered altar of Uskayaw.
   290 | D        | Found a radiant altar of Vehumet.
   291 | D        | Found an ornate altar of the Wu Jian Council.
   292 | D        | Found a shimmering altar of Xom.
   293 | D        | Found a basalt altar of Yredelemnul.
   294 | D        | Found a glowing silver altar of Zin.
   295 | D        | Found a glowing golden altar of the Shining One.
   473 | D        | Noticed a water moccasin
   473 | D        | Noticed a wyvern
   473 | D        | Noticed a bullfrog
   473 | D        | Noticed a two-headed ogre
   499 | D        | Killed a two-headed ogre
   499 | D        | Reached skill level 8 in Fighting
   499 | D        | Reached skill level 5 in Transmutations
   499 | D        | Reached XP level 5. HP: 26/56 MP: 10/14
   499 | D        | Reached XP level 6. HP: 29/62 MP: 11/16
   499 | D        | Your scales start taking on a dull iron-grey colour.
   499 | D        | Reached XP level 7. HP: 32/69 MP: 11/17
   499 | D        | Gained mutation: You can survive without breathing. [Grey Draconian growth]
   679 | D        | Learned a level 5 spell: Blade Hands
   692 | D        | Reached * piety under Fedhas
   710 | D        | Killed a wyvern
   710 | D        | Reached skill level 9 in Fighting
   710 | D        | Reached XP level 8. HP: 63/78 MP: 11/19
   781 | D        | Noticed a deep elf mage
   781 | D        | Noticed a tengu warrior
   781 | D        | Noticed a centaur warrior
   787 | D        | Killed a centaur warrior
   787 | D        | Reached skill level 10 in Fighting
   787 | D        | Reached skill level 5 in Ice Magic
   787 | D        | Reached skill level 5 in Poison Magic
   791 | D        | Noticed a soul eater
   792 | D        | Reached XP level 9. HP: 84/86 MP: 10/21
   801 | D        | Killed a tengu warrior
   817 | D        | Killed a deep elf mage
   817 | D        | Reached skill level 11 in Fighting
   818 | D        | Reached ** piety under Fedhas
  1226 | D        | Noticed a four-headed hydra
  1226 | D        | Noticed a spiny frog
  1226 | D        | Noticed a spiny frog
  1226 | D        | Noticed a rime drake
  1231 | D        | Killed a rime drake
  1236 | D        | Killed a spiny frog
  1237 | D        | Killed a spiny frog
  1237 | D        | Reached skill level 10 in Dodging
  1237 | D        | Reached skill level 10 in Spellcasting
  1246 | D        | Reached *** piety under Fedhas
  1248 | D        | HP: 3/89 [12-headed hydra (15)]
  1249 | D        | Killed a 13-headed hydra
  1249 | D        | Reached skill level 12 in Fighting
  1249 | D        | Reached XP level 10. HP: 3/97 MP: 16/24
  1254 | D        | Reached **** piety under Fedhas
  1613 | D        | Noticed a spiny frog
  1613 | D        | Noticed an elephant
  1621 | D        | Noticed a spiny frog
  1621 | D        | Killed an elephant
  1625 | D        | Killed a spiny frog
  1636 | D        | Killed a spiny frog
  1678 | D        | Noticed an elephant
  1678 | D        | Noticed a dire elephant
  1678 | D        | Noticed an elephant
  1678 | D        | Noticed an elephant
  1678 | D        | Noticed a dire elephant
  1678 | D        | Noticed an elephant
  1681 | D        | Killed an elephant
  1682 | D        | Noticed an elephant
  1691 | D        | Mangled by a dire elephant

Vault maps used:
D:        linesprint

Skill      XL: |  1  2  3  4  5  6  7  8  9 10 |
---------------+-------------------------------+-----
Dodging        | 2 3 4 7 8 10 11 | 11.2
Fighting       | 2 3 5 8 9 10 12 | 12.8
Spellcasting   | 3 4 7 8 10 11 | 11.0
Unarmed Combat | 4 6 7 8 9 |  9.1
Transmutations | 3 5 6 8 |  8.8
Ice Magic      | 4 5 6 7 |  7.6
Poison Magic   | 4 5 6 7 |  7.7

Action                   |  1- 3 |  4- 6 |  7- 9 | 10-12 || total
-------------------------+-------+-------+-------+-------++-------
Melee: Unarmed           |    44 |     4 |    64 |    37 ||   149
       Kick              |     4 |       |       |       ||     4
       Headbutt          |     3 |       |       |       ||     3
       Tailslap          |     3 |       |    11 |     4 ||    18
       Punch             |       |       |     4 |     2 ||     6
 Cast: Beastly Appendage |     4 |       |       |       ||     4
       Spider Form       |       |     1 |       |       ||     1
       Blade Hands       |       |       |     5 |     2 ||     7
Invok: Fungal Bloom      |       |       |     9 |     2 ||    11
       Evolution         |       |       |     2 |     5 ||     7
       Sunlight          |       |       |     1 |       ||     1
  Use: Potion            |     2 |       |       |       ||     2
       Scroll            |       |       |     2 |       ||     2
 Stab: Confused          |       |       |       |     1 ||     1
  Eat: Bread ration      |       |       |     1 |       ||     1
Armor: Skin              |     8 |       |    22 |     5 ||    35
Dodge: Dodged            |    20 |     7 |    53 |    22 ||   102
